 Dungeon Crawl Stone Soup version 0.20.1-1-g8b1a95d (webtiles) character file.

94803 Chaoticas the Earth Mage (level 16, -3/97 HPs)
             Began as a Gargoyle Earth Elementalist on July 16, 2017.
             Was a High Priest of Vehumet.
             Slain by Frances
             ... wielding a +0 short sword of distortion
              (20 damage)
             ... on level 14 of the Dungeon.
             The game lasted 03:14:04 (39121 turns).

Chaoticas the Earth Mage (GrEE)                    Turns: 39121, Time: 03:14:05

Health: -3/97      AC: 30    Str: 17    XL:     16   Next: 12%
Magic:  24/28      EV: 11    Int: 23    God:    Vehumet [*****.]
Gold:   2377       SH:  6    Dex: 10    Spells: 6/32 levels left

rFire    + + .     SeeInvis +   F - +3 whip (elec)
rCold    . . .     Gourm    .   Q - +2 buckler {AC+3}
rNeg     + . .     Faith    .   L - +2 ring mail {rF+}
rPois    ∞         Spirit   .   I - +1 hat
rElec    +         Reflect  .   M - +1 cloak {+Inv}
rCorr    .         Harm     .   w - +1 pair of gloves {Str+3}
MR       +....                  g - +0 pair of boots
Stlth    +.........             a - amulet of magic regeneration
Regen    0.3/turn               l - ring of protection from fire
MPRegen  0.4/turn               T - ring of see invisible

@: flying
A: big wings, negative energy resistance 1, electricity resistance, strong 1,
unbreathing, petrification resistance, rot immunity, AC +11
a: Stop Flying, Renounce Religion, Evoke Invisibility


You were on level 14 of the Dungeon.
You worshipped Vehumet.
Vehumet was extremely pleased with you.
You were not hungry.

You visited 4 branches of the dungeon, and saw 23 of its levels.
You also visited: Ossuary and Volcano.

You collected 2549 gold pieces.
You spent 172 gold pieces at shops.

Inventory:

Hand Weapons
 F - a +3 whip of electrocution (weapon)
   (You took it off Pikel on level 6 of the Dungeon)
Missiles
 b - 293 stones (quivered)
Armour
 g - a +0 pair of boots (worn)
   (You found it on level 5 of the Dungeon)
 i - a +2 shield of positive energy
   (You took it off a vault guard on level 13 of the Dungeon)
 w - a +1 pair of gloves of strength (worn)
   (You found it on level 3 of the Dungeon)
 I - a +1 hat (worn)
   (You found it on level 7 of the Dungeon)
 L - a +2 ring mail of fire resistance (worn)
   (You took it off Duvessa on level 7 of the Dungeon)
 M - a +1 cloak of invisibility (worn)
   (You took it off Crazy Yiuf on level 6 of the Dungeon)
 Q - a +2 buckler of protection (worn)
   (You bought it in a shop on level 2 of the Orcish Mines)
 S - a +1 ring mail of cold resistance
   (You found it on level 6 of the Lair of Beasts)
Magical Staves
 G - an uncursed staff of fire
   (You took it off an orc wizard on level 6 of the Dungeon)
Jewellery
 a - an amulet of magic regeneration (around neck)
   (You found it on level 4 of the Dungeon)
 l - a ring of protection from fire (left hand)
   (You found it on level 4 of the Dungeon)
 A - an uncursed ring of positive energy {unknown}
   (You found it on level 14 of the Dungeon)
 E - the amulet of Urigeyme {Spirit rElec rN+ Slay+3}
   (You found it on level 1 of the Lair of Beasts)

   [amulet of guardian spirit]

   It causes incoming damage to be split between your health and magic.
   It affects your accuracy and damage with ranged weapons and melee attacks
   (+3).
   It insulates you from electricity.
   It protects you from negative energy.
 J - a +3 amulet of reflection {unknown}
   (You found it on level 14 of the Dungeon)
 T - a ring of see invisible (right hand)
   (You found it on level 8 of the Dungeon)
 Y - an uncursed ring of resist corrosion
   (You found it on level 11 of the Dungeon)
Wands
 m - a wand of iceblast (5/15)
   (You took it off a boggart on level 6 of the Lair of Beasts)
 u - a wand of lightning (5/15)
   (You found it on level 9 of the Dungeon)
 H - a wand of confusion (6/48)
   (You found it on level 9 of the Dungeon)
 K - a wand of polymorph (9/24)
   (You found it on level 7 of the Dungeon)
 R - a wand of paralysis (14/24)
   (You found it on level 8 of the Dungeon)
Scrolls
 h - 8 scrolls of identify
 y - 4 scrolls of fog
 C - 2 scrolls of immolation
 D - 3 scrolls of magic mapping
 O - 5 scrolls of remove curse
Potions
 c - 4 potions of mutation
 e - 3 potions of berserk rage {unknown}
 f - 4 potions of resistance
 k - 8 potions of curing
 o - a potion of ambrosia
 q - 3 potions of cancellation
 r - a potion of might
 s - 3 potions of lignification
 t - 6 potions of haste
 v - 4 potions of brilliance
 x - 3 potions of magic
 B - a potion of agility
Books
 Z - a book of the Sky
   (You found it on level 13 of the Dungeon)

   Spells                             Type                      Level
   a - Summon Lightning Spire         Summoning/Air                4
   b - Silence                        Hexes/Air                    5
   c - Deflect Missiles               Charms/Air                   6
   d - Conjure Ball Lightning         Conjuration/Air              6
   e - Tornado                        Air                          9
Miscellaneous
 N - a fan of gales
   (You found it on level 13 of the Dungeon)
Comestibles
 d - 13 bread rations
 j - 9 royal jellies
 n - 3 chunks of flesh
 P - 2 meat rations


   Skills:
 - Level 10.1 Fighting
 - Level 12.0 Maces & Flails
 - Level 9.8 Armour
 - Level 1.5 Dodging
 - Level 2.1 Stealth
 - Level 4.2 Shields
 * Level 8.5 Spellcasting
 * Level 9.7 Conjurations
 - Level 3.9 Charms
   Level 0.7 Transmutations
 * Level 3.1 Fire Magic
 - Level 15.4 Earth Magic
 - Level 10.9 Evocations


You had 6 spell levels left.
You knew the following spells:

 Your Spells              Type           Power        Failure   Level  Hunger
a - Sandblast             Erth           ######       0%          1    None
b - Stone Arrow           Conj/Erth      ######       1%          3    None
c - Lee's Rapid Deconstr  Erth           ######....   1%          5    #####..
d - Iron Shot             Conj/Erth      ######....   2%          6    ######.
e - Bolt of Fire          Conj/Fire      #####.....   28%         6    ######.
f - Iskenderun's Battles  Conj/Chrm      #####...     4%          5    #####..


Dungeon Overview and Level Annotations

Branches:
Dungeon (14/15)            Temple (1/1) D:5            Lair (6/6) D:11
 Shoals (0/4) Lair:2        Snake (0/4) Lair:4        Slime (0/5) Lair:6
    Orc (2/2) D:11            Elf (0/3) Orc:2        Vaults (0/5) D:13

Altars:
Ashenzari
Cheibriados
Dithmenos
Elyvilon
Fedhas
Gozag
Hepliaklqana
Kikubaaqudgha
Makhleb
Nemelex Xobeh
Okawaru
Qazlal
Ru
Sif Muna
Trog
Uskayaw
Vehumet
Xom
Yredelemnul
Zin
The Shining One

Shops:
Orc:2 %**%[

Annotations:
D:3 mythresam's ghost, amateur DrTm
D:14 Frances


Innate Abilities, Weirdness & Mutations

You are resistant to torment.
Your stone body is resilient. (AC +11)
You are immune to poison.
Your large and strong wings let you fly indefinitely.
You resist negative energy. (rN+)
You are resistant to electric shocks. (rElec)
You can survive without breathing.
You are immune to petrification.
You are immune to rotting.
Your muscles are strong. (Str +2)


Message History

The ufetubus hits you but does no damage.
The vampire mosquito bites you. The neqoxec gestures at you.
Something tries to feed on your intellect!
The ufetubus barely misses you. You block the ufetubus's attack.
The neqoxec closely misses you. The ufetubus misses you.
The ufetubus barely misses you.
Casting: Stone Arrow
Confirm with . or Enter, or press ? or * to list all spells.
Aiming: Lee's Rapid Deconstruction
Press: ? - help, Dir - move target cursor The wall shatters!
The vampire mosquito bites you. The vampire mosquito bites you!
The neqoxec gestures.
Frances mutters in a terrible tongue.
The iron shot hits you!
* * * LOW HITPOINT WARNING * * *
You block the vampire mosquito's attack.
You whack the vampire mosquito!
The vampire mosquito is almost destroyed.
The vampire mosquito closely misses you.
Frances mutters in a terrible tongue.
You block the vampire mosquito's attack.
You whack the vampire mosquito!
Lightning courses through the vampire mosquito!
The vampire mosquito explodes!
The fiery explosion engulfs the vampire mosquito.
The vampire mosquito explodes!
The fiery explosion engulfs you! You resist.
* * * LOW HITPOINT WARNING * * *
The fiery explosion engulfs Frances.
Frances is lightly wounded.
The fiery explosion engulfs the ufetubus.
The ufetubus is burned terribly!
You kill the ufetubus!
Vehumet accepts your kill.
You feel your power returning. The fiery explosion engulfs you! You resist.
* * * LOW HITPOINT WARNING * * *
Vehumet accepts your kill.
You feel your power returning.
You are engulfed in blazing flames.
You resist.
You hear a shout!
Frances is engulfed in blazing flames.
Frances is engulfed in blazing flames.
The chaos spawn ululates chillingly with its many mouths.
The neqoxec is engulfed in blazing flames.
Frances is engulfed in blazing flames.
Frances closely misses you.
Okay, then.
You barely miss Frances.
Frances is moderately wounded.
Frances hits you but does no damage. Space warps horribly around you!
You die...

#..## #.......###.### #..... #..#
##............. ####..##. #.##
##..(.#####.#. #.....#.. #.##
##.....# #.#.###..#....# #..##
##..###.# #....##..#..### #...#
##...# #.######........@3..
#.#.###....# #..##........#...<..
..÷.#......####.#..###.......[.#.
......#.........@.# ##.#....##..#
...#.####..####@#####.....#.###4#
..........## #§.###5.##.##..##.@
...#.###.## ##.3.5...#@###....4
...#..##.# #....[.†#.# #####.
...##.##.# #...4.....# #....
...##.##.# #%#####.### #....
.####.##.# #..#....# #.... .#
#.##.# ##...#### #####


You could see Frances (inner flame).

Vanquished Creatures
  5 vault guards (D:13)
  5 hydras
  A centaur warrior (D:13)
  2 two-headed ogres
  A catoblepas (D:12)
  16 death yaks
  A tengu warrior (D:13)
  An ogre mage (D:13)
  3 orc high priests (Orc:2)
  Sonja (D:12)
  A skeletal warrior (D:9)
  A fire crab (Volcano)
  An unseen horror (D:8)
  Pikel (D:6)
  A wizard (D:14)
  2 lindwurms
  6 orc knights (Orc:2)
  A deep elf archer (D:13)
  5 orc sorcerers
  An ugly thing (D:12)
  A manticore (Lair:2)
  4 cyclopes
  2 merfolk sirens (Lair:2)
  A centaur zombie (D:14)
  20 elephants
  4 black mambas
  2 molten gargoyles (Volcano)
  A gargoyle (D:9)
  11 spiny frogs
  6 komodo dragons
  2 yaktaurs (D:13)
  An efreet (D:14)
  3 kobold demonologists
  A rime drake (Lair:5)
  8 trolls
  Grinder (D:6)
  3 merfolk
  3 hornets (Lair:6)
  5 polar bears (Lair:6)
  25 blink frogs
  A slime creature (D:9)
  2 dream sheep (Lair:6)
  8 hippogriffs
  11 spriggans (Lair:6)
  Sigmund (D:4)
  A water elemental (Lair:2)
  9 wyverns
  2 fire bats (Volcano)
  2 wraiths
  3 basilisks
  54 yaks
  Grum (D:8)
  A steam dragon (Volcano)
  6 vampire mosquitoes (D:14)
  2 wargs (Orc:2)
  2 soldier ants
  An acid dragon (D:14)
  2 nagas (Lair:4)
  11 water moccasins
  Duvessa (D:7)
  3 hell hounds (Volcano)
  14 porcupines
  2 hornet zombies
  6 ice beasts
  2 sky beasts (D:8)
  22 orc warriors
  10 ogres
  4 black bears
  4 phantoms
  5 boggarts (Lair:6)
  A necrophage (D:9)
  7 centaurs
  34 wolves
  15 crocodiles
  Blork the orc (D:6)
  2 big kobolds
  23 bullfrogs
  2 wyvern zombies
  5 scorpions
  Dowan (D:7)
  67 killer bees
  2 vampire bats (D:6)
  6 wights
  5 lava snakes (Volcano)
  2 howler monkeys
  8 crimson imps
  2 bullfrog zombies
  3 jellies (D:11)
  2 bullfrog skeletons
  2 centaur skeletons
  9 hounds
  A gnoll shaman (D:7)
  9 orc priests
  Crazy Yiuf (D:6)
  4 iguanas
  19 orc wizards
  11 worker ants
  2 hound skeletons
  A hound zombie (D:9)
  A mummy (Ossuary)
  A howler monkey zombie (D:6)
  2 worker ant zombies
  5 gnolls (D:7)
  21 adders
  An ooze (D:2)
  3 adder zombies
  An adder skeleton (D:5)
  3 worms
  2 dart slugs (D:4)
  7 leopard geckos
  76 orcs
  3 ball pythons
  18 bats
  8 giant cockroaches
  4 goblins
  10 hobgoblins
  12 jackals
  3 quokkas
  4 frilled lizards
  A giant cockroach zombie (D:6)
  4 gnoll skeletons (Ossuary)
  21 kobolds
  3 kobold skeletons (Ossuary)
  A leopard gecko zombie (D:5)
  18 orc skeletons (Ossuary)
  A quokka zombie (D:8)
  10 rats
844 creatures vanquished.

Vanquished Creatures (collateral kills)
  A hippogriff (Lair:6)
  A wolf (Lair:6)
2 creatures vanquished.

Vanquished Creatures (others)
  A bullfrog (D:6)
  A jelly (D:6)
  An orc priest (D:6)
  A worker ant (D:6)
  An orc (D:6)
  A bat (D:6)
  17 fungi
  11 plants
34 creatures vanquished.

Grand Total: 880 creatures vanquished

Notes
Turn   | Place    | Note
-------+----------+-------------------------------------------
     0 | D:1      | Chaoticas the Gargoyle Earth Elementalist began the quest for the Orb.
     0 | D:1      | Reached XP level 1. HP: 10/10 MP: 3/3
   368 | D:1      | Reached skill level 4 in Earth Magic
   368 | D:1      | Reached XP level 2. HP: 15/15 MP: 5/5
   549 | D:1      | HP: 7/15 [hobgoblin/club (5)]
  1599 | D:1      | Reached XP level 3. HP: 16/19 MP: 4/6
  1646 | D:1      | Learned a level 3 spell: Stone Arrow
  2324 | D:2      | Reached skill level 5 in Earth Magic
  2324 | D:2      | Reached XP level 4. HP: 24/24 MP: 8/8
  2340 | D:2      | Reached skill level 3 in Spellcasting
  2577 | D:2      | HP: 12/24 [adder (1)]
  2906 | D:2      | Found a snail-covered altar of Cheibriados.
  3062 | D:2      | Reached XP level 5. HP: 20/28 MP: 7/9
  3314 | D:2      | Reached skill level 6 in Earth Magic
  3368 | D:3      | Noticed mythresam's ghost (amateur DrTm)
  3369 | D:3      | mythresam's ghost turns its malevolent gaze towards you.
  3386 | D:3      | HP: 8/28 [mythresam's ghost (7)]
  3391 | D:3      | HP: 2/28 [mythresam's ghost (6)]
  3911 | D:3      | Found a hazy altar of Hepliaklqana.
  3911 | D:3      | Found a shimmering altar of Xom.
  4082 | D:3      | mythresam's ghost turns its malevolent gaze towards you.
  4326 | D:3      | Found a sacrificial altar of Ru.
  4327 | D:3      | Found a shattered altar of Ashenzari.
  4492 | D:3      | mythresam's ghost turns its malevolent gaze towards you.
  4519 | D:4      | Reached XP level 6. HP: 24/32 MP: 4/11
  4612 | D:4      | Reached skill level 7 in Earth Magic
  4790 | D:4      | Reached skill level 4 in Spellcasting
  4871 | D:4      | Noticed a phantom
  4909 | D:4      | Killed a phantom
  4909 | D:4      | Reached skill level 8 in Earth Magic
  4909 | D:4      | Reached XP level 7. HP: 36/36 MP: 7/13
  5005 | D:4      | Noticed Sigmund
  5669 | D:4      | Killed Sigmund
  5843 | D:4      | Found a glowing golden altar of the Shining One.
  5844 | D:4      | Found an ancient bone altar of Kikubaaqudgha.
  5897 | D:5      | Entered Level 5 of the Dungeon
  5901 | D:5      | Reached skill level 9 in Earth Magic
  5951 | D:5      | Found a staircase to the Ecumenical Temple.
  5971 | Temple   | Entered the Ecumenical Temple
  5981 | Temple   | Became a worshipper of Vehumet
  6262 | D:5      | Found a white marble altar of Elyvilon.
  6332 | D:6      | Noticed Pikel
  6342 | D:5      | Learned a level 5 spell: Lee's Rapid Deconstruction
  6398 | D:6      | Reached skill level 5 in Spellcasting
  6398 | D:6      | Reached XP level 8. HP: 41/41 MP: 11/15
  6446 | D:6      | Reached skill level 1 in Fighting
  6502 | D:6      | Noticed a hippogriff
  6503 | D:6      | Reached skill level 2 in Fighting
  6532 | D:6      | Killed a hippogriff
  6532 | D:6      | Reached skill level 3 in Fighting
  6532 | D:6      | Reached skill level 10 in Earth Magic
  6622 | D:6      | Noticed Grinder
  6629 | D:6      | Killed Grinder
  6629 | D:6      | Reached skill level 4 in Fighting
  6828 | D:6      | Reached * piety under Vehumet
  6828 | D:6      | Offered knowledge of Flame Tongue by Vehumet.
  6931 | D:6      | Killed Pikel
  6931 | D:6      | Reached skill level 6 in Fighting
  6931 | D:6      | Reached skill level 11 in Earth Magic
  6931 | D:6      | Reached XP level 9. HP: 39/55 MP: 4/16
  7191 | D:6      | Noticed Blork the orc
  7217 | D:6      | Killed Blork the orc
  7541 | D:6      | Reached skill level 7 in Fighting
  7654 | D:6      | Found a runed door.
  7658 | D:6      | Noticed Crazy Yiuf
  7664 | D:6      | Killed Crazy Yiuf
  7664 | D:6      | Reached skill level 12 in Earth Magic
  8155 | D:7      | Found a sand-covered staircase.
  8160 | Ossuary  | Entered an ossuary
  8506 | Ossuary  | Reached ** piety under Vehumet
  8506 | Ossuary  | Offered knowledge of Magic Dart by Vehumet.
  8792 | D:7      | Reached skill level 1 in Maces & Flails
  8795 | D:7      | Reached skill level 1 in Armour
  8883 | D:7      | Noticed Duvessa
  8884 | D:7      | Noticed Dowan
  8889 | D:7      | Killed Dowan
  8899 | D:7      | Killed Duvessa
  8899 | D:7      | Reached XP level 10. HP: 52/64 MP: 3/17
  8930 | D:7      | Reached skill level 8 in Fighting
  9113 | D:7      | Reached skill level 2 in Armour
  9391 | D:8      | Reached skill level 2 in Maces & Flails
  9554 | D:8      | Reached skill level 3 in Armour
  9586 | D:8      | Noticed Grum
  9594 | D:8      | Reached skill level 3 in Maces & Flails
  9601 | D:8      | Killed Grum
  9711 | D:8      | Identified a book of Conjurations
  9870 | D:8      | Noticed a two-headed ogre
  9882 | D:8      | HP: 20/65 [two-headed ogre/giant spiked club (15)]
  9902 | D:8      | Killed a two-headed ogre
  9902 | D:8      | Reached skill level 9 in Fighting
  9902 | D:8      | Reached skill level 4 in Maces & Flails
  9902 | D:8      | Reached skill level 4 in Armour
 10612 | D:9      | Reached skill level 5 in Armour
 10699 | D:8      | HP: 32/66 [yak (8)]
 10920 | D:9      | Offered knowledge of Ignite Poison by Vehumet.
 10995 | D:9      | Reached skill level 5 in Maces & Flails
 11184 | D:8      | HP: 31/67 [something (5)]
 11189 | D:8      | HP: 20/67 [something (1)]
 11191 | D:8      | Killed an unseen horror
 11191 | D:8      | Reached skill level 6 in Armour
 11191 | D:8      | Reached XP level 11. HP: 37/72 MP: 13/18
 11404 | D:8      | Reached skill level 10 in Fighting
 11587 | D:9      | Reached *** piety under Vehumet
 12027 | D:9      | Noticed a skeletal warrior
 12052 | D:9      | HP: 32/72 [slime creature (14)]
 12263 | D:9      | Reached skill level 6 in Maces & Flails
 12425 | D:9      | Reached skill level 7 in Armour
 12564 | D:9      | HP: 35/72 [skeletal warrior/battleaxe (14)]
 12571 | D:9      | HP: 14/72 [skeletal warrior/battleaxe (22)]
 12605 | D:9      | HP: 34/72 [skeletal warrior/battleaxe (6)]
 12643 | D:9      | Killed a skeletal warrior
 12813 | D:9      | Offered knowledge of Mephitic Cloud by Vehumet.
 13167 | D:10     | Entered Level 10 of the Dungeon
 13512 | D:10     | Reached skill level 1 in Evocations
 13823 | D:10     | Reached skill level 7 in Maces & Flails
 14249 | D:11     | Reached skill level 8 in Armour
 14318 | D:11     | Reached **** piety under Vehumet
 14563 | D:11     | Found a staircase to the Orcish Mines.
 14591 | D:11     | Offered knowledge of Bolt of Magma by Vehumet.
 14591 | D:11     | Reached skill level 2 in Evocations
 14659 | D:11     | Found a stormy altar of Qazlal.
 14683 | D:11     | Noticed a two-headed ogre
 14707 | D:11     | Killed a two-headed ogre
 14915 | D:12     | Noticed Sonja
 14928 | D:12     | Killed Sonja
 14928 | D:12     | Reached skill level 3 in Evocations
 15006 | D:12     | Noticed a catoblepas
 15016 | D:12     | Killed a catoblepas
 15168 | D:12     | Reached XP level 12. HP: 67/77 MP: 19/19
 15366 | D:12     | Reached skill level 8 in Maces & Flails
 15901 | D:12     | Reached skill level 9 in Armour
 15925 | D:12     | HP: 32/77 [cyclops (18)]
 15931 | D:12     | HP: 22/77 [cyclops (12)]
 15937 | D:12     | Reached skill level 4 in Evocations
 16219 | D:12     | HP: 37/77 [acid (9)]
 16706 | D:13     | Identified a book of the Sky
 17526 | D:13     | Reached skill level 5 in Evocations
 17566 | D:13     | Noticed a centaur warrior
 17586 | D:13     | Killed a centaur warrior
 17586 | D:13     | Reached skill level 9 in Maces & Flails
 17860 | D:13     | Noticed a vault guard
 17862 | D:13     | Noticed a tengu warrior
 17874 | D:13     | Killed a tengu warrior
 18470 | D:11     | Found a staircase to the Lair.
 18476 | Lair:1   | Entered Level 1 of the Lair of Beasts
 18500 | Lair:1   | Reached skill level 6 in Evocations
 18510 | Lair:1   | Reached ***** piety under Vehumet
 18510 | Lair:1   | Offered knowledge of Bolt of Cold by Vehumet.
 18534 | Lair:1   | HP: 38/77 [porcupine (4)]
 18877 | Lair:1   | Reached skill level 10 in Maces & Flails
 19067 | Lair:1   | Noticed a five-headed hydra
 19123 | Lair:1   | HP: 37/77 [five-headed hydra (4)]
 19124 | Lair:1   | Killed a five-headed hydra
 19124 | Lair:1   | Reached skill level 7 in Evocations
 19517 | Lair:1   | Reached XP level 13. HP: 82/82 MP: 8/20
 19834 | Lair:1   | Got a scorched platinum amulet
 20119 | Lair:2   | Found a staircase to the Shoals.
 20512 | Lair:1   | Reached skill level 8 in Evocations
 20667 | Lair:2   | HP: 34/82 [death yak (15)]
 21095 | Lair:2   | Reached skill level 11 in Maces & Flails
 21162 | Lair:1   | HP: 39/82 [death yak (14)]
 21168 | Lair:1   | HP: 31/82 [death yak (4)]
 21188 | Lair:1   | HP: 23/82 [death yak (12)]
 21549 | Lair:1   | HP: 38/82 [death yak (19)]
 21558 | Lair:1   | HP: 38/82 [death yak (2)]
 22033 | Lair:2   | Reached skill level 9 in Evocations
 22317 | Lair:2   | HP: 40/82 [killer bee (4)]
 23287 | Lair:2   | Reached skill level 12 in Maces & Flails
 23415 | Lair:3   | Found a basalt altar of Yredelemnul.
 23782 | Lair:3   | Offered knowledge of Iron Shot by Vehumet.
 23912 | Lair:3   | Reached skill level 10 in Evocations
 23990 | Lair:3   | Learned a level 6 spell: Iron Shot
 24576 | Lair:3   | Gained mutation: Your large and strong wings let you fly indefinitely. [Gargoyle growth]
 24576 | Lair:3   | Reached XP level 14. HP: 52/88 MP: 21/21
 24746 | Lair:4   | Reached skill level 1 in Conjurations
 24757 | Lair:4   | Found a staircase to the Snake Pit.
 24867 | Lair:3   | Reached skill level 13 in Earth Magic
 25044 | Lair:4   | You are sucked into a shaft!
 25189 | Lair:3   | HP: 42/88 [yak (8)]
 25224 | Lair:3   | HP: 22/88 [yak (7)]
 25233 | Lair:3   | HP: 20/88 [yak (4)]
 25243 | Lair:2   | HP: 11/88 [yak (11)]
 25255 | Lair:2   | Reached skill level 2 in Conjurations
 25724 | Lair:3   | HP: 43/88 [elephant (5)]
 25732 | Lair:3   | HP: 42/88 [elephant (2)]
 25742 | Lair:3   | HP: 42/88 [elephant (2)]
 25971 | Lair:3   | HP: 44/88 [elephant (11)]
 25979 | Lair:3   | HP: 43/88 [elephant (2)]
 25984 | Lair:3   | Reached skill level 3 in Conjurations
 26662 | Lair:4   | Reached skill level 4 in Conjurations
 27062 | Lair:4   | HP: 35/88 [blink frog (13)]
 27456 | Lair:4   | Reached skill level 5 in Conjurations
 27672 | Lair:4   | HP: 29/88 [death yak (16)]
 27715 | Lair:4   | HP: 25/88 [crocodile (12)]
 27907 | Lair:4   | Offered knowledge of Bolt of Fire by Vehumet.
 28068 | Lair:4   | Learned a level 6 spell: Bolt of Fire
 28102 | Lair:5   | Reached skill level 14 in Earth Magic
 28299 | Lair:5   | Identified the amulet of Urigeyme {Spirit rElec rN+ Slay+3} (You found it on level 1 of the Lair of Beasts)
 28357 | Lair:5   | Reached skill level 1 in Shields
 28424 | Lair:5   | HP: 41/88 [death yak (11)]
 28428 | Lair:5   | HP: 18/88 [death yak (15)]
 28435 | Lair:4   | HP: 16/88 [death yak (3)]
 28790 | Lair:4   | Reached skill level 6 in Conjurations
 28804 | Lair:4   | HP: 39/88 [death yak (10)]
 29110 | Lair:4   | Reached skill level 2 in Shields
 29409 | Lair:4   | HP: 31/88 [death yak (16)]
 29880 | Lair:5   | HP: 42/88 [eight-headed hydra (5)]
 29881 | Lair:5   | Reached skill level 3 in Shields
 30471 | Lair:5   | Reached skill level 7 in Conjurations
 30545 | Lair:6   | Entered Level 6 of the Lair of Beasts
 30714 | Lair:6   | Reached XP level 15. HP: 92/92 MP: 23/23
 30762 | Lair:6   | Reached skill level 4 in Shields
 31046 | Lair:6   | Offered knowledge of Iskenderun's Battlesphere by Vehumet.
 31141 | Lair:6   | HP: 45/92 [polar bear[a boggart] (9)]
 31146 | Lair:6   | HP: 37/92 [polar bear[a boggart] (5)]
 31174 | Lair:6   | HP: 38/92 [polar bear[a boggart] (2)]
 31179 | Lair:6   | HP: 35/92 [wyvern[a boggart] (3)]
 31207 | Lair:6   | HP: 40/92 [komodo dragon[a boggart] (9)]
 31214 | Lair:6   | HP: 39/92 [yak[a boggart] (2)]
 31293 | Lair:6   | HP: 35/92 [elephant[a boggart] (12)]
 31308 | Lair:6   | HP: 24/92 [crocodile[a boggart] (10)]
 31710 | Lair:6   | HP: 39/92 [blink frog (10)]
 32168 | Lair:6   | Reached skill level 6 in Spellcasting
 32233 | Lair:6   | Reached skill level 15 in Earth Magic
 32738 | Lair:6   | Learned a level 5 spell: Iskenderun's Battlesphere
 32854 | Lair:6   | HP: 39/92 [black mamba (11)]
 32860 | Lair:6   | HP: 29/92 [water moccasin (1)]
 32865 | Lair:6   | HP: 24/92 [hippogriff (2)]
 32880 | Lair:6   | HP: 22/92 [wolf (5)]
 32885 | Lair:6   | HP: 21/92 [hippogriff (2)]
 33253 | Lair:6   | Reached skill level 8 in Conjurations
 33471 | Lair:6   | Found a staircase to the Slime Pits.
 34171 | D:13     | Reached skill level 7 in Spellcasting
 34320 | D:13     | Reached skill level 1 in Charms
 34486 | D:13     | Reached skill level 2 in Charms
 34543 | D:13     | Found a gate to the Vaults.
 35151 | D:14     | Reached skill level 3 in Charms
 35185 | D:14     | Noticed Frances
 35209 | D:14     | HP: 45/92 [Frances/shard of ice (13)]
 35212 | D:14     | HP: 14/92 [Frances/shard of ice (32)]
 35625 | Orc:1    | Entered Level 1 of the Orcish Mines
 36419 | Orc:2    | Entered Level 2 of the Orcish Mines
 36450 | Orc:2    | Found Wowuysh's Armour Boutique.
 36476 | Orc:2    | Bought a +0 buckler of protection for 172 gold pieces
 36533 | Orc:2    | Found a dark tunnel.
 36539 | Volcano  | Entered a volcano
 36568 | Volcano  | Offered knowledge of Spellforged Servitor by Vehumet.
 36826 | Volcano  | Found a bloodstained altar of Trog.
 37216 | Orc:2    | Found a staircase to the Elven Halls.
 37250 | Orc:2    | Reached skill level 1 in Fire Magic
 37447 | Orc:2    | Reached skill level 9 in Conjurations
 37612 | Orc:2    | Reached skill level 8 in Spellcasting
 37828 | Orc:2    | Reached skill level 2 in Fire Magic
 37836 | Orc:2    | Gained mutation: Your muscles are strong. (Str +2) [a neqoxec]
 37855 | Orc:2    | Paralysed by an orc sorcerer for 6 turns
 37950 | Orc:2    | Reached XP level 16. HP: 97/97 MP: 10/28
 38221 | Orc:2    | HP: 47/97 [orc knight/great sword (15)]
 38640 | Orc:2    | Found Oskewnu's Food Emporium.
 38640 | Orc:2    | Found Nexieq's Food Emporium.
 38641 | Orc:2    | Found Tecet's General Store.
 38641 | Orc:2    | Found Nyssear's Assorted Antiques.
 38896 | D:14     | Reached skill level 3 in Fire Magic
 39114 | D:14     | HP: 37/97 [Frances/iron shot (28)]
 39118 | D:14     | HP: 16/97 [vampire mosquito/exploding inner flame[the player character] (8)]
 39121 | D:14     | Slain by Frances

Skill      XL: |  1  2  3  4  5  6  7  8  9 10 11 12 13 14 15 16 |
---------------+-------------------------------------------------+-----
Earth Magic    | 4 5 6 8 9 11 12 14 15 | 15.4
Spellcasting   | 3 4 5 8 |  8.5
Fighting       | 6 7 9 10 | 10.1
Maces & Flails | 1 5 7 10 12 | 12.0
Armour         | 1 6 8 9 |  9.8
Evocations     | 3 7 10 | 10.9
Conjurations   | 7 9 |  9.7
Shields        | 3 4 |  4.2
Charms         | 3 |  3.9
Fire Magic     | 2 3 |  3.1
Dodging        | |  1.5
Stealth        | |  2.1
Transmutations | |  0.7

Action                   |  1- 3 |  4- 6 |  7- 9 | 10-12 | 13-15 | 16-18 || total
-------------------------+-------+-------+-------+-------+-------+-------++-------
Melee: Spear             |   146 |   102 |       |       |       |       ||   248
       Dagger            |     4 |    25 |    19 |       |       |       ||    48
       Mace              |       |       |    65 |       |       |       ||    65
       Whip              |       |       |    37 |   513 |  1861 |    65 ||  2476
 Cast: Sandblast         |     7 |    68 |   117 |    85 |   155 |       ||   432
       Stone Arrow       |       |       |    25 |   242 |   354 |    34 ||   655
       Lee's Rapid Decon |       |       |     3 |    25 |    35 |    11 ||    74
       Iron Shot         |       |       |       |       |     3 |     1 ||     4
 Abil: Fly               |       |       |       |       |     1 |       ||     1
       Evoke Invisibilit |       |       |       |       |     3 |     1 ||     4
  Use: Scroll            |       |     5 |    11 |    19 |    23 |     1 ||    59
       Potion            |       |       |       |     5 |     9 |       ||    14
 Stab: Sleeping          |     6 |     6 |     2 |       |       |       ||    14
       Invisible         |       |       |       |       |    11 |     1 ||    12
  Eat: Chunk             |     5 |     8 |     2 |    32 |    41 |     5 ||    93
       Bread ration      |       |       |     2 |     2 |     3 |       ||     7
       Meat ration       |       |       |     1 |     2 |     3 |     1 ||     7
       Fruit             |       |       |     2 |       |    10 |       ||    12
Armor: Robe              |    45 |    55 |     5 |       |       |       ||   105
       Leather armour    |       |       |    50 |       |       |       ||    50
       Ring mail         |       |       |    59 |   415 |  1193 |    37 ||  1704
Dodge: Dodged            |    84 |   106 |   106 |   361 |   938 |    28 ||  1623
Block: Buckler           |       |       |       |       |   177 |    21 ||   198
